Map: [ESL] Oceanborn

Players

Reynor - Winner!

  • Race: Zerg Zerg
  • Spawn Location: 5:00

Wayne

  • Race: Zerg Zerg
  • Spawn Location: 11:00

Event: ESL SC2 Masters 2024 Spring (Regional)

VOD

Have the link to the VOD?

Description

Time

  • Played on: May 3, 2024, 9:49 a.m.
  • Length: 9:20

All games in this series

Show
View Real Time Build Order
Export as new Build Order

Reynor Zerg - Winner!

Build Orders: Hatch First 

Get SALT Encoding   

  12  0:00  Drone  
  13  0:12  Overlord  
  13  0:16  Drone  
  14  0:30  Drone  
  14  0:31  Drone  
  16  0:47  Hatchery  
  15  0:50  Drone  
  15  0:54  Drone  
  17  0:57  Drone  
  18  1:08  Extractor  
  17  1:12  Spawning Pool  
  17  1:16  Drone  
  17  1:19  Drone  
  18  1:28  Drone  
  19  1:38  Drone  
  20  1:49  Drone  
  21  1:59  Queen  
  21  2:00  Queen  
  25  2:02  Overlord  
  25  2:03  Zergling x2  
  25  2:08  Metabolic Boost  
  26  2:10  Drone  
  26  2:11  Drone  
  29  2:22  Zergling x2  
  29  2:23  Drone  
  30  2:32  Drone x2  
  32  2:38  Hatchery  
  32  2:42  Drone  
  32  2:43  Drone  
  33  2:49  Baneling Nest  
  32  2:54  Overlord  
  32  2:57  Drone  
  33  3:03  Queen  
  33  3:05  Drone  
  36  3:15  Drone x3  
  36  3:16  Zergling x4  
  36  3:18  Zergling x2  
  41  3:20  Drone  
  41  3:24  Overlord  
  41  3:26  Drone  
  43  3:33  Baneling x2  
  43  3:34  Overlord  
  43  3:39  Baneling  
  43  3:42  Roach Warren, Drone x2  
  43  3:46  Drone x2  
  46  3:49  Drone  
  47  3:56  Overlord  
  47  3:57  Drone x2  
  47  4:02  Drone x2  
  46  4:08  Drone  
  47  4:13  Drone x3  
  47  4:14  Drone x2  
  47  4:15  Extractor  
  51  4:26  Roach x5  
  51  4:29  Roach  
  62  4:32  Drone  
  62  4:35  Overlord, Drone  
  62  4:38  Drone x2  
  66  4:40  Drone  
  66  4:45  Drone x4  
  69  4:48  Extractor  
  69  4:49  Overlord  
  70  4:55  Overlord  
  71  5:00  Drone x2  
  71  5:03  Overlord  
  71  5:09  Roach x5  
  71  5:10  Roach  
  71  5:14  Roach  
  85  5:17  Overlord  
  85  5:19  Overlord  
  85  5:22  Roach x2  
  85  5:23  Roach  
  85  5:27  Roach x2  
  95  5:30  Roach x2  
  95  5:34  Baneling  
  99  5:36  Roach x2  
  99  5:37  Overlord  
  99  5:38  Zergling x2  
  99  5:40  Baneling  
  104  5:45  Roach x2  
  104  5:49  Overlord  
  107  5:50  Drone x2  
  107  5:51  Roach  
  107  5:52  Roach  
  107  5:54  Overlord  
  107  5:55  Zergling x2  
  114  6:02  Roach x3  
  106  6:07  Roach x2, Zergling x2  
  101  6:14  Roach x2, Zergling x4  
  101  6:17  Roach  
  96  6:26  Roach x2  
  96  6:30  Roach  
  96  6:35  Extractor  
  96  6:36  Roach x2  
  96  6:38  Roach  
  99  6:46  Roach x4  
  106  6:49  Zergling x2, Queen  
  109  6:57  Ravager  
  109  6:58  Zergling x4  
  110  7:02  Roach  
  110  7:08  Roach  
  116  7:09  Overlord  
  116  7:11  Zergling x2  
  116  7:16  Roach x3  
  116  7:19  Roach  
  116  7:21  Roach  
  126  7:22  Ravager  
  126  7:24  Zergling x2  
  126  7:27  Hatchery  
  126  7:29  Overlord  
  127  7:31  Ravager  
  127  7:33  Roach  
  127  7:34  Zergling x2  
  129  7:40  Zergling x2  
  129  7:42  Overlord  
  129  7:43  Zergling x2  
  129  7:44  Zergling x6  
  134  7:46  Zergling x4  
  134  7:47  Zergling x2  
  134  7:48  Lair  
  137  7:54  Zergling x6  
  137  7:55  Zergling x2  
  137  7:57  Ravager  
  141  7:58  Ravager  
  141  8:00  Zergling x2  
  141  8:01  Zergling x2  
  141  8:03  Ravager  
  141  8:04  Zergling x2  
  146  8:07  Overlord  
  146  8:11  Zergling x2  
  147  8:13  Roach x5, Zergling x2  
  158  8:20  Roach x2, Zergling x4  
  158  8:21  Roach  
  158  8:24  Roach  
  158  8:26  Roach  
  146  8:30  Roach  
  146  8:32  Roach  
  133  8:38  Roach  
  129  8:44  Roach x5  
  129  8:45  Zergling x6  
  139  8:54  Evolution Chamber  
  132  9:00  Roach x3  
Show
View Real Time Build Order
Export as new Build Order

Wayne Zerg 

Build Orders: Hatch First 

Get SALT Encoding   

  12  0:00  Drone  
  13  0:12  Overlord  
  13  0:17  Drone  
  14  0:31  Drone x2  
  16  0:48  Hatchery  
  15  0:51  Drone  
  15  0:54  Drone  
  17  0:57  Drone  
  18  1:09  Extractor  
  17  1:12  Spawning Pool  
  17  1:16  Drone  
  17  1:19  Drone  
  18  1:29  Drone  
  19  1:40  Drone  
  20  1:49  Drone  
  21  1:59  Queen x2  
  21  2:00  Zergling x2  
  21  2:01  Overlord  
  26  2:08  Metabolic Boost  
  26  2:10  Drone  
  26  2:11  Drone  
  28  2:21  Zergling x2  
  28  2:22  Drone  
  30  2:32  Hatchery  
  30  2:35  Zergling x2  
  30  2:38  Drone  
  31  2:44  Drone  
  31  2:46  Baneling Nest  
  31  2:48  Drone  
  32  2:54  Overlord  
  32  2:59  Drone  
  33  3:14  Zergling x16  
  41  3:24  Overlord  
  41  3:25  Drone  
  42  3:29  Baneling x2  
  42  3:33  Baneling x2  
  42  3:35  Drone x2  
  44  3:43  Drone x6  
  49  3:49  Overlord  
  49  3:51  Overlord  
  49  3:56  Drone  
  49  3:58  Drone  
  50  4:04  Extractor  
  50  4:06  Roach Warren  
  50  4:09  Drone x3  
  51  4:12  Drone x3  
  51  4:16  Drone  
  55  4:18  Drone  
  55  4:24  Overlord  
  55  4:26  Drone  
  55  4:28  Drone  
  55  4:32  Overlord, Extractor  
  54  4:40  Drone  
  55  4:46  Roach x8  
  71  4:54  Roach x3  
  77  5:00  Overlord  
  77  5:01  Roach x2  
  77  5:06  Roach x2  
  83  5:11  Overlord  
  83  5:15  Roach x3  
  83  5:17  Overlord  
  83  5:19  Zergling x2  
  90  5:23  Roach  
  90  5:24  Roach  
  90  5:25  Zergling x4  
  96  5:31  Zergling x6  
  99  5:35  Baneling  
  99  5:36  Baneling x3  
  99  5:39  Zergling x4  
  99  5:40  Baneling  
  99  5:41  Baneling  
  101  5:43  Zergling x2  
  101  5:47  Baneling x2  
  102  5:50  Zergling x14  
  102  5:52  Baneling  
  106  5:59  Zergling x4  
  96  6:04  Zergling x4  
  96  6:07  Zergling x2  
  96  6:09  Queen  
  88  6:13  Drone  
  88  6:15  Ravager  
  88  6:16  Drone x2  
  89  6:20  Drone x2  
  89  6:23  Lair  
  88  6:25  Drone  
  88  6:26  Evolution Chamber, Drone  
  88  6:28  Drone x2  
  88  6:29  Drone x3  
  87  6:39  Roach x2  
  84  6:41  Roach  
  84  6:48  Roach  
  84  6:52  Spine Crawler x2  
  84  6:53  Roach, Zerg Missile Weapons Level 1  
  84  6:54  Roach x3  
  92  6:56  Roach, Zergling x2  
  92  6:57  Roach, Zergling x2  
  92  7:00  Roach  
  99  7:02  Roach  
  100  7:09  Zergling x4, Spine Crawler  
  100  7:10  Ravager  
  99  7:16  Roach x2  
  99  7:20  Overlord  
  103  7:24  Overlord, Extractor  
  103  7:27  Overlord  
  103  7:28  Roach x2  
  106  7:31  Overlord  
  106  7:36  Overlord  
  106  7:38  Baneling  
  106  7:39  Roach x3, Baneling  
  106  7:42  Overlord  
  112  7:46  Overlord  
  111  7:54  Overlord, Drone  
  111  7:56  Roach x6  
  122  7:59  Overlord  
  122  8:05  Ravager  
  123  8:08  Roach x3  
  123  8:11  Overlord  
  123  8:12  Roach  
  131  8:13  Overlord  
  131  8:16  Roach  
  128  8:22  Roach x2  
  111  8:28  Roach  
  111  8:33  Roach  
  90  8:35  Roach  
  90  8:38  Roach x2  
  90  8:40  Roach x4  
  82  8:42  Roach  
  82  8:45  Roach  
  82  8:48  Roach  
  81  8:49  Roach  
  79  8:57  Roach x3  
Tags
 
Add a new tag
Caveats
  • Supply blocks, unpowered buildings, or Contaminate may cause inaccurate times.
  • Supply counts are checked every 10 seconds.